Cogmind - Beta 13 @@@ ROGUE MODE // 2024.04.03 @ 00:07:56 Player: MasterLemons Result: Destroyed by D-53 Grenadier with Mini Grenade Launcher Performance ------------- Evolutions (0) 0 Regions Visited (2) 400 Robots Destroyed (7) 35 Value Destroyed (190) 190 Prototype IDs (0) 0 Alien Tech Used (0) 0 Bonus (-49) -49 TOTAL SCORE: 576 Bonus ------- Friendly Fire -49 Cogmind --------- Core Integrity 0/250 Matter 255/300 Energy 100/100 System Corruption 1% Temperature Cool (0) Movement Walking (330) Ox3 Location -10/Mines Parts ------- > --- POWER (1) -------- (None) > --- PROPULSION (2) --- Improved Aluminum Leg > --- UTILITY (2) ------ High-capacity Storage Unit > --- WEAPON (2) ------- Maul Maul > --- INVENTORY (20) --- Light Ion Engine Light Treads Light Treads Light Treads Light Treads Improved Aluminum Leg Improved Aluminum Leg Improved Aluminum Leg Improved Aluminum Leg Improved Aluminum Leg Propulsion Shielding Light Assault Rifle Maul Maul Peak State ------------ > --- POWER ------------ Ion Engine > --- PROPULSION ------- Improved Aluminum Leg Improved Aluminum Leg > --- UTILITY ---------- High-capacity Storage Unit ECM Suite > --- WEAPON ----------- Maul Maul > --- INVENTORY -------- Light Ion Engine Light Ion Engine Light Treads Light Treads Light Treads Light Treads Improved Aluminum Leg Improved Aluminum Leg Improved Aluminum Leg Improved Aluminum Leg Improved Aluminum Leg Improved Aluminum Leg Propulsion Shielding Light Assault Rifle Maul Maul [Rating: 13] Favorites ----------- Power Ion Engine Engine Ion Engine Propulsion Improved Aluminum Leg Treads Light Treads Leg Improved Aluminum Leg Utility ECM Suite Device ECM Suite Storage High-capacity Storage Unit Weapon Small Laser Energy Gun Small Laser Ballistic Gun Assault Rifle Launcher Grenade Launcher Impact Weapon Maul Build | -11 -10 -10 ------- Run | Yrd Mat Min Slots Evolved . | . . . Power . | . . . Propulsion . | . . . Utility . | . . . Weapon . | . . . Parts Attached 18 | 8 5 5 Power 3 | 2 . 1 Engine 3 | 2 . 1 Core . | . . . Reactor . | . . . Propulsion 7 | 3 3 1 Treads 1 | 1 . . Leg 6 | 2 3 1 Wheel . | . . . Hover . | . . . Flight . | . . . Utility 3 | 1 2 . Device 1 | . 1 . Storage 2 | 1 1 . Processor . | . . . Hackware . | . . . Protection . | . . . Artifact . | . . . Weapon 5 | 2 . 3 Energy Gun 1 | 1 . . Energy Cannon . | . . . Ballistic Gun 1 | 1 . . Ballistic Cannon . | . . . Launcher 1 | . . 1 Special Weapon . | . . . Impact Weapon 2 | . . 2 Slashing Weapon . | . . . Piercing Weapon . | . . . Special Melee Weapon . | . . . Unidentified Prototypes . | . . . Parts Lost 8 | . 1 7 Power 2 | . . 2 Propulsion 2 | . . 2 Utility 1 | . . 1 Weapon 3 | . 1 2 Highest Loss Streak 7 | . 1 7 To Critical Strikes . | . . . Average Slot Usage (%) 98 | . 98 99 Engine 14 | . 14 14 Treads 1 | . 3 . Leg 26 | . 24 27 Device 13 | . 12 13 Storage 14 | . 14 14 Energy Gun 13 | . 14 12 Ballistic Gun 6 | . 13 . Launcher 6 | . . 12 Impact Weapon 1 | . . 2 Naked Turns . | . . . Heaviest Build 53 | 13 50 53 Greatest Support 26 | 20 26 26 Greatest Overweight (x) 3 | 1 2 3 Average Overweight (x) 1 | . 1 1 Largest Inventory Capacity 20 | 8 20 20 Average Capacity 17 | 7 15 20 Most Carried 18 | 5 16 18 Average Carried 11 | 3 7 16 Final Capacity 20 | 8 20 20 Final Carried 14 | 3 14 14 Class Distribution -------------------- 100% | Mutant Dominant Class ---------------- Mutant | -10/Materials Mutant | -10/Mines Resources | -11 -10 -10 ----------- Run | Yrd Mat Min Matter Collected 407 | 156 209 42 Remotely . | . . . Salvage Created 212 | . 123 89 Parts 13 | . 5 8 Haulers Intercepted . | . . . Recyclers Shooed . | . . . Parts Field Recycled . | . . . Retrieved Matter . | . . . Parts Self-Destructed . | . . . Prevented . | . . . Kills | -11 -10 -10 ------- Run | Yrd Mat Min Combat Hostiles Destroyed 20 | . 3 17 Melee 2 | . . 2 Guns 4 | . 3 1 AOE 14 | . . 14 Classes Destroyed 4 | . 1 3 Swarmer 3 | . . 3 Grunt 3 | . 3 . Sentry 1 | . . 1 Assembled 13 | . . 13 Best Kill Streak 13 | . 1 13 Combat Bots Only 13 | . 1 13 Max Kills in Single Turn 5 | . 1 5 Gunslinging . | . . . Exploded 4 | . . 4 Melee 1 | . . 1 Uniques/NPCs Destroyed . | . . . Combat | -11 -10 -10 -------- Run | Yrd Mat Min Hostile Shots Fired 74 | . 28 46 Missed 16 | . 4 12 Damage Taken 998 | . 339 659 Core 257 | . 27 230 Absorbed by Shields . | . . . Core Remaining (%) 100 | 100 . . Volleys Fired 21 | . 14 7 Largest 2 | . 2 2 Hottest 70 | . 60 70 Shots Fired 42 | . 28 14 Gun 35 | . 28 7 Cannon . | . . . Launcher 7 | . . 7 Special . | . . . Kinetic 14 | . 14 . Thermal 21 | . 14 7 Explosive 7 | . . 7 Electromagnetic . | . . . Robot Hit Streak 11 | . 11 6 Robot Miss Streak 1 | . 1 1 Penetration Max . | . . . Secondary Targets . | . . . Shots Hit Robots 35 | . 22 13 Core Hits 48 | . 8 40 Critical Kills . | . . . Critical Parts Destroyed . | . . . Critical Strikes . | . . . Melee Attacks 4 | . . 4 Impact 4 | . . 4 Slashing . | . . . Piercing . | . . . Sneak Attacks . | . . . Combat Hostiles . | . . . Follow-up Attacks . | . . . Damage Inflicted 1275 | . 258 1017 Guns 323 | . 258 65 Cannons . | . . . Explosions 855 | . . 855 Melee 97 | . . 97 Ramming . | . . . Kinetic 126 | . 126 . Thermal 197 | . 132 65 Explosive 855 | . . 855 Electromagnetic . | . . . Impact 97 | . . 97 Slashing . | . . . Piercing . | . . . Highest Corruption 1 | . . 1 Average Corruption 1 | . . 1 Corruption Purged . | . . . Corruption Blocked . | . . . Effects 1 | . . 1 Data Loss (minor) 1 | . . 1 Overload Shots . | . . . Overflow Damage 50 | . . 50 Projectiles . | . . . Explosions 30 | . . 30 Melee 20 | . . 20 Knockbacks . | . . . Impact . | . . . Kinetic . | . . . Secondary . | . . . Self-Inflicted Damage 68 | . . 68 Shots 3 | . . 3 Rammed . | . . . Targets Rammed 1 | . 1 . Kicked 1 | . 1 . Crushed . | . . . Highest Temperature 45 | . 45 36 Average Temperature 18 | . 20 14 Received Heat Transfer 214 | . 165 49 Siege Activations . | . . . Robots Corrupted . | . . . Combat Hostiles . | . . . Parts Fried . | . . . Impact Corruptions 1 | . . 1 Robots Melted . | . . . Combat Hostiles . | . . . Parts Melted 2 | . 2 . Heat Transferred 450 | . 300 150 Parts Sabotaged . | . . . Parts Stolen . | . . . Parts Stripped . | . . . Power Chain Reactions . | . . . Alert | -11 -10 -10 ------- Run | Yrd Mat Min Peak Influence 195 | . 130 195 Initial 46 | . . 46 Average 88 | . 46 138 Maximum Alert Level . | . . . Low Security (%) 100 | 100 100 100 Level 1 . | . . . Level 2 . | . . . Level 3 . | . . . Level 4 . | . . . Level 5 . | . . . High Security . | . . . Max Security . | . . . Squads Dispatched 1 | . 1 . Investigation . | . . . Extermination . | . . . Reinforcement 1 | . 1 . Assault . | . . . Garrison . | . . . Intercept . | . . . Searches Triggered . | . . . Construction Impeded . | . . . Haulers Reinforced . | . . . Active Scanning Responses . | . . . Cargo Convoy Interrupts . | . . . Stealth | -11 -10 -10 --------- Run | Yrd Mat Min Distress Signals 1 | . 1 . Communications Jammed . | . . . Distress Signals . | . . . Times Spotted 36 | . 10 26 Peak Tracking Total 15 | . 3 15 Tactical Retreats 1 | . 1 . Traps | -11 -10 -10 ------- Run | Yrd Mat Min Traps Triggered 1 | . 1 . Indirectly . | . . . Trap Hack Attempts . | . . . Triggered . | . . . Disarmed . | . . . Reprogrammed . | . . . Reused . | . . . Traps Extracted . | . . . Installed . | . . . Triggered . | . . . Machines | -11 -10 -10 ---------- Run | Yrd Mat Min Machines Disabled 1 | . . 1 Max in Single Turn 1 | . . 1 Machines Repaired . | . . . Machines Dismantled . | . . . Machines Sabotaged . | . . . Overloaded Fab Kills . | . . . Hacking | -11 -10 -10 --------- Run | Yrd Mat Min Machines Accessed 2 | . 2 . Terminals 1 | . 1 . Fabricators . | . . . Repair Stations . | . . . Recycling Units 1 | . 1 . Scanalyzers . | . . . Garrison Access . | . . . Total Hacks 4 | . 4 . Successful 1 | . 1 . Failed 3 | . 3 . Catastrophic . | . . . Database Lockouts . | . . . Manual . | . . . Terminals 2 | . 2 . Fabricators . | . . . Repair Stations . | . . . Recycling Units 2 | . 2 . Scanalyzers . | . . . Garrison Access . | . . . Terminal Hacks . | . . . Fabricator Hacks . | . . . Repair Station Hacks . | . . . Recycling Unit Hacks 1 | . 1 . Retrieve Components 1 | . 1 . Scanalyzer . | . . . Garrison Access Hacks . | . . . Unauthorized Hacks . | . . . Terminals . | . . . Fabricators . | . . . Repair Stations . | . . . Recycling Units . | . . . Scanalyzers . | . . . Garrison Access . | . . . Data Cores Recovered . | . . . Used . | . . . Hacking Detections 1 | . 1 . Full Trace Events . | . . . Feedback Events . | . . . Feedback Blocked . | . . . Robot Schematics Acquired . | . . . Robots Built . | . . . Authchips . | . . . Time . | . . . Total Robot Build Rating . | . . . Part Schematics Acquired . | . . . Parts Built . | . . . Authchips . | . . . Time . | . . . Total Part Build Rating . | . . . Parts Repaired . | . . . Time . | . . . Parts Recycled . | . . . Recycled Matter . | . . . Retrieved Matter . | . . . Retrieved Components 2 | . 2 . Parts Scanalyzed . | . . . Part Schematics Acquired . | . . . Parts Damaged . | . . . Bothacking | -11 -10 -10 ------------ Run | Yrd Mat Min Used RIF Installer . | . . . Robots Hacked . | . . . Non-combat . | . . . Combat . | . . . Robot Hacks Applied . | . . . Relay Couplers Released . | . . . Fabnet Peak Effective % . | . . . Robots Rewired . | . . . Allies Hacked . | . . . Hacks Repelled . | . . . Allies | -11 -10 -10 -------- Run | Yrd Mat Min Total Allies . | . . . Largest Group . | . . . Highest-Rated Group . | . . . Highest-Rated Ally . | . . . Total Orders . | . . . Ally Attacks . | . . . Total Damage . | . . . Kills . | . . . Allies Corrupted . | . . . Allies Melted . | . . . Intel | -11 -10 -10 ------- Run | Yrd Mat Min Robot Analysis Total . | . . . Derelict Logs Recovered 1 | . . 1 Drone Launches . | . . . Drone Recoveries . | . . . Exploration | -11 -10 -10 ------------- Run | Yrd Mat Min Turns Passed 855 | 67 363 425 Spaces Moved 376 | 38 143 195 Core 14 | 14 . . Treads 1 | 1 . . Legs 361 | 23 143 195 Wheels . | . . . Hover . | . . . Flight . | . . . Fastest Speed 50 | 50 120 190 Average Speed 189 | 135 196 194 Slowest Speed 330 | 190 260 330 Overloaded Moves . | . . . Propulsion Burnouts . | . . . Robots Hopped . | . . . Cave-ins Triggered . | . . . Exploration Rate (%) 26 | 3 30 45 Regions Visited 2 Branch Regions 1 Pre-discovered Areas . | . . . Known Exits Taken . | . . . Unknown Exits Taken 2 | 1 1 . Scrap Searched . | . . . Spaces Dug . | . . . Terrain Destroyed 56 | . . 56 Melee . | . . . Projectile . | . . . AOE 56 | . . 56 Terrain Rammed . | . . . Walls Destroyed . | . . . Machines Disabled . | . . . Actions | -11 -10 -10 --------- Run | Yrd Mat Min Total 467 | 51 197 219 Wait 16 | . 13 3 Move 374 | 37 142 195 Hop . | . . . Pick Up 28 | 6 17 5 Fast Attach 3 | 3 . . Attach 9 | 3 1 5 Detach . | . . . Swap 6 | 2 4 . Drop 5 | . 5 . Fire 21 | . 14 7 Melee 4 | . . 4 Ram . | . . . Kick 1 | . 1 . Crush . | . . . Escape Stasis . | . . . Rewire . | . . . Trap . | . . . Miscellaneous . | . . . Route ------- -11/Scrapyard -10/Materials -10/Mines (discovered 1 exit: [*Mat]) History --------- Turn | Location | Event 10 | -11/Scrapyard | Discovered new exit (range 16) 68 | -11/Scrapyard | Entered Materials 317 | -10/Materials | Build established: Mutant 405 | -10/Materials | Discovered new exit (range 15) 431 | -10/Materials | Entered Mines 440 | -10/Mines | Met a Derelict bent on vengeance 528 | -10/Mines | Discovered new exit (range 9) 644 | -10/Mines | Joined a pair of Derelicts in attacking an 0b10 outpost 794 | -10/Mines | Assembled infested the area 843 | -10/Mines | Destroyed 13 combat bots 846 | -10/Mines | Core integrity fell below 50% 855 | -10/Mines | Core integrity fell below 20% 856 | -10/Mines | Destroyed by D-53 Grenadier with Mini Grenade Launcher Last Messages --------------- 00808_ as-34562 destroyed. 00808_ as-84097 destroyed. 00810_ as-99758 destroyed. 00811_ Grenade Launcher destroyed. 00811_ System corrupted by crushing effect (+1). 00812_ Sml. Laser destroyed. 00813_ The unstable cave ceiling collapses. 00814_ as-34035 destroyed. 00815_ Destroyed Asb. F-torch. 00815_ as-25832 system corrupted by crushing effect. 00815_ as-25832 destroyed. 00822_ as-03438 destroyed. 00824_ The unstable cave ceiling collapses. 00825_ 85-IV3(g) destroyed. 00828_ System corrupted: Component data lost. 00832_ The unstable cave ceiling collapses. 00841_ ECM Suite destroyed. 00841_ Ion Engine destroyed. 00843_ Imp. Aluminum Leg destroyed. 00855_ Lgt. Ion Engine destroyed. Map ----- +----------------------------------------------------+ | ?????????????????????????????????????????????????? | | ?????????????????????????????????????????????????? | | ?????????????????????????????????????????????????? | | ?????????????????????????????????????????????????? | | ?????????????????????????????????????????????????? | | ?????????????????????????????????????????????????? | | ?????????????????????????????????????????????????? | | ??????????????????????????? ? ??????????????????? | | ????????????????????????##? ?????????????????? | | ????????????????????? # # ?????????????????? | | ???????????????????? # ???????????????? | | ????????????????? ? ???????????????? | | ????????????????? ? % ???????????????? | | ???????????????? ? % ???????????????? | | ???????????????? ???????????????? | | ????????????????? # # ????????????????? | | ?????????????????? %# ?????????????????? | | ?????????????????# # # ?????????????????? | | ?????????????????# ? ??????????????????? | | ?#####??????????## ?? ???????????????????? | | ## ##????????## ?? #???????????????????? | | # ######???# ####%%#???????????????????? | | # #???# # # # #???????????????????? | | ?# #????? # #???????????????????? | | ## #### #????????# d ##??????????????????? | | # ##??# #????????# @ #??????????????????? | | # #???# #????????# #??????????????????? | | ##??# #????????# ###??##????????????? | | #??# #????????# ## ##???????????? | | #??# ##???????# s #?????????? | | #??# #???????# s ????????? | | #??## #???????## ## s ????????? | | #???# #????????# # ##?? ?????????? | | ##???# #????????#### ##?????##??????????? | | ##???# #??????????# ##??????????????????? | | ##??# #??????????# ##???????????????????? | | # ##?# #??????????# ##???????????????????? | | ### ### #??????????# ##??????????????????? | | ??## ## #??????????## #??????????????????? | | ???## ### #???????????## #??????????????????? | | ????# ##?# #????????????# #??????????????????? | | ??### #### ###?#####????# ##?????????????????? | | ??# ## ### ###??## ##????????????????? | | ??# ## ##??## ##???????????????? | | ??# # ### ##??# ##??????????????? | | ??# # #### #######????????? | | ?## # ## ?????? | | ?# ##### ????? | | ?# #???#### ## ?????? | | ?## #??????## ### #??????????? | +----------------------------------------------------+ Best States ------------- Heat Dissipation 25 Energy Generation 10 Energy Capacity 250 Matter Stores 300 Matter Capacity 300 Sight Range 16 Terrain Scan Density 10 ECM Strength 1 Evasion (%) 55 Recoil Reduction 1 Item Schematics ----------------- None Robot Schematics ------------------ None Fabricated ------------ Nothing Alien Tech Used ----------------- None Achievements -------------- None Challenges ------------ None Game ------ Seed ResetFireFlightbrick Manual? 0 Play Time 00:08:51 Cumulative 15.1 hours Start 2024.04.03 @ 00:01:40 End 2024.04.03 @ 00:07:56 Sessions 1 Manual Loads 0 Difficulty Rogue Special Mode None Game No. 37 Rogue 34 Adventurer 3 Explorer 0 Win Type - Total 0 Types 0/0/0/0/0/0/0/0/0 Lore% 22 Gallery% 26 Achievement% 25 Wizard Run 0 Options --------- Layout 1 ASCII 0 Keyboard 0 Movement Mouse Keybinds 0 Fullscreen 1 Font 32/SmallcapsGlow Map View 77x35 Zoom Use 0% Tactical HUD 1 Map Filters NONE Filters NONE Steam 1 RUN: d6faac37-e5a5-46e0-8b43-051e1a36203d